 Dungeon Crawl Stone Soup version 0.19.1 (console) character file.

268 Jesseh the Conjurer (level 6, -3/32 HPs)
             Began as a Deep Elf Conjurer on Nov 28, 2016.
             Slain by an ogre
             ... wielding a cursed -2 giant club
              (24 damage)
             ... on level 4 of the Dungeon.
             The game lasted 00:17:24 (3368 turns).

Jesseh the Conjurer (Deep Elf Conjurer)             Turns: 3368, Time: 00:17:24

Health: -3/32      AC:  4    Str:  7    XL:     6   Next: 0%
Magic:  9/12       EV: 13    Int: 20    God:
Gold:   184        SH:  0    Dex: 15    Spells: 2 memorised, 5 levels left

rFire  . . .     SeeInvis .     q - +0 dagger
rCold  . . .     Gourm    .     a - +0 robe
rNeg   . . .     Faith    .     (no shield)
rPois  .         Spirit   .     (no helmet)
rElec  .         Reflect  .     t - +0 cloak
rCorr  .         Harm     .     (no gloves)
MR     +....                    w - +0 pair of boots
Stlth  +.........               (no amulet)
                                j - ring of loudness (curse)
                                i - ring of protection from magic

@: no status effects
A: no striking features
a: no special abilities


You were on level 4 of the Dungeon.
You were not hungry.

You visited 1 branch of the dungeon, and saw 4 of its levels.

You collected 184 gold pieces.

Inventory:

Hand Weapons
 h - a +0 dagger
   (You took it off a kobold on level 2 of the Dungeon)
 q - a +0 dagger (weapon)
   (You took it off a goblin on level 2 of the Dungeon)
Missiles
 A - a throwing net
Armour
 a - a +0 robe (worn)
 t - a +0 cloak (worn)
   (You found it on level 2 of the Dungeon)
 w - a +0 pair of boots (worn)
   (You found it on level 3 of the Dungeon)
 y - a +1 pair of boots
   (You found it on level 4 of the Dungeon)
Magical Staves
 p - an uncursed staff of wizardry {unknown}
   (You found it on level 4 of the Dungeon)
Jewellery
 i - a ring of protection from magic (left hand)
   (You found it on level 1 of the Dungeon)
 j - a cursed ring of loudness (right hand)
   (You found it on level 1 of the Dungeon)
Wands
 g - a wand of disintegration (9/24)
   (You found it on level 2 of the Dungeon)
Scrolls
 e - 4 scrolls of identify {unknown}
 l - a scroll of enchant armour {unknown}
 r - 3 scrolls of remove curse {unknown}
 v - a scroll of fear {unknown}
 x - a scroll of random uselessness {unknown}
Potions
 d - a potion of flight {unknown}
 f - 2 potions of resistance {unknown}
 k - 4 potions of curing {unknown}
 n - a potion of mutation {unknown}
 o - 2 potions of brilliance {unknown}
 s - a potion of might {unknown}
 u - a potion of degeneration {unknown}
Books
 b - a book of Conjurations
Comestibles
 c - 5 bread rations
 m - 5 meat rations
 z - a beef jerky
 B - a chunk of flesh


   Skills:
 - Level 2.4 Dodging
 - Level 2.4 Stealth
 - Level 3.1 Spellcasting
 + Level 7.2 Conjurations
 * Level 3.9 Charms


You had 5 spell levels left.
You knew the following spells:

 Your Spells              Type           Power        Failure   Level  Hunger
a - Magic Dart            Conj           ####         1%          1    None
b - Iskenderun's Battles  Conj/Chrm      ####....     45%         5    ######.


Dungeon Overview and Level Annotations

Branches:
Dungeon (4/15)
 Temple: D:4-7

Altars:
Dithmenos

Portals:
Ossuary: D:4


Message History

You see here a crooked smoking staff.
p - a crooked smoking staff
y - a pair of glowing boots
Found a stone staircase leading down.
You now have 156 gold pieces (gained 19).
There is a stone staircase leading up here.
c - 3 bread rations (gained 1)
You hear the slow hiss of a very distant avalanche of sand.
An adder comes into view.
The adder hisses angrily.
Aim: an adder The magic dart hits the adder.
Aim: an adder The magic dart hits the adder.
Aim: an adder (almost dead)
The magic dart hits the adder.
You kill the adder!
Your Charms skill increases to level 3!
z - a beef jerky
c - 4 bread rations (gained 1)
You hear the slow hiss of a distant avalanche of sand.
c - 5 bread rations (gained 1)
Found a stone staircase leading down.
You can't see any susceptible monsters within range! (Use Z to cast anyway.)
You now have 170 gold pieces (gained 14).
A - a throwing net
Found a stone staircase leading down.
You hear the slow hiss of a very distant avalanche of sand.
You open the door.
There is an open door here.
You now have 184 gold pieces (gained 14).
A worker ant comes into view.
The worker ant twitches its antennae in your direction.
Aim: a worker ant The magic dart hits the worker ant.
Aim: a worker ant (lightly wounded)
The magic dart hits the worker ant.
Aim: a worker ant (moderately wounded)
The magic dart hits the worker ant.
Aim: a worker ant (severely wounded)
The magic dart hits the worker ant.
You kill the worker ant!
You hear the hiss of a distant avalanche of sand.
A worker ant comes into view.
The worker ant twitches its antennae in your direction.
Aim: a worker ant The magic dart hits the worker ant.
Aim: a worker ant (lightly wounded)
The magic dart hits the worker ant.
Aim: a worker ant (moderately wounded)
The magic dart hits the worker ant.
Aim: a worker ant (moderately wounded)
The magic dart hits the worker ant.
Aim: a worker ant (severely wounded)
The magic dart hits the worker ant.
The worker ant barely misses you.
Aim: a worker ant (severely wounded)
The magic dart hits the worker ant.
You kill the worker ant!
You have reached level 6!
Your experience leads to an increase in your attributes!
Increase (S)trength, (I)ntelligence, or (D)exterity?
You feel stronger.
You see here a worker ant corpse.
You butcher the worker ant corpse.
B - a chunk of flesh A quokka skeleton comes into view.
Aim: a quokka skeleton (resting)
The magic dart hits the quokka skeleton.
Aim: a quokka skeleton (almost destroyed)
The magic dart hits the quokka skeleton.
You destroy the quokka skeleton!
You open the door.
You see here a dagger.
You hear the hiss of an avalanche of sand.
You hear the brisk hiss of a distant avalanche of sand.
You hear the brisk hiss of a very distant avalanche of sand.
An ogre comes into view. It is wielding a giant club.
Aim: an ogre, wielding a giant club (resting)
The magic dart hits the ogre.
The ogre shouts!
Aim: an ogre, wielding a giant club (lightly wounded)
The magic dart hits the ogre.
Aim: an ogre, wielding a giant club (lightly wounded)
The magic dart hits the ogre.
Aim: an ogre, wielding a giant club (moderately wounded)
The magic dart hits the ogre.
The ogre closely misses you. The ogre closely misses you.
You see here 22 stones.
Aim: an ogre, wielding a giant club (heavily wounded)
The magic dart hits the ogre.
Aim: an ogre, wielding a giant club (heavily wounded)
The magic dart hits the ogre.
The ogre hits you with a giant club!
Aim: an ogre, wielding a giant club (severely wounded)
The magic dart hits the ogre.
The ogre hits you but does no damage.
Aim: an ogre, wielding a giant club (severely wounded)
The magic dart hits the ogre.
You hear the brisk hiss of a very distant avalanche of sand.
The ogre hits you with a giant club!!
Ouch! That really hurt!
You die...

▒............................
▒▒▒▒▒▒▒........▒.▒▒▒▒▒▒▒▒.▒▒▒
▒........▒.▒▒▒▒▒ ▒.▒
▒........▒.....▒ ▒.▒
▒........▒▒▒▒▒.▒ ▒.▒
▒........▒▒▒▒▒.▒ ▒.▒
▒▒▒▒▒.▒........▒ ▒.▒
▒O▒▒▒▒▒▒▒▒▒▒▒▒▒.▒
▒.e.............▒
▒▒▒▒▒▒▒▒▒▒▒▒▒▒▒▒▒


You could see an ogre.

Vanquished Creatures
  An orc priest (D:3)
  An orc wizard (D:3)
  2 worker ants (D:4)
  A hound skeleton (D:3)
  8 adders
  4 leopard geckos
  3 orcs (D:3)
  A ball python (D:2)
  11 bats
  2 giant cockroaches
  8 hobgoblins
  4 jackals (D:3)
  7 kobolds
  6 frilled lizards
  9 goblins
  A quokka skeleton (D:4)
  10 rats
79 creatures vanquished.

Notes
Turn   | Place    | Note
-------+----------+-------------------------------------------
     0 | D:1      | Jesseh the Deep Elf Conjurer began the quest for the Orb.
     0 | D:1      | Reached XP level 1. HP: 10/10 MP: 6/6
   322 | D:1      | Reached XP level 2. HP: 15/15 MP: 4/8
   401 | D:1      | Reached skill level 5 in Conjurations
   892 | D:2      | Reached XP level 3. HP: 19/19 MP: 5/9
  1339 | D:2      | Found a shadowy altar of Dithmenos.
  1449 | D:2      | Reached skill level 6 in Conjurations
  1586 | D:2      | Reached XP level 4. HP: 24/24 MP: 7/10
  2234 | D:3      | Found a faded altar of an unknown god.
  2398 | D:3      | Reached XP level 5. HP: 28/28 MP: 4/11
  2405 | D:3      | Learned a level 5 spell: Iskenderun's Battlesphere
  2638 | D:3      | Reached skill level 7 in Conjurations
  2638 | D:3      | Reached skill level 1 in Charms
  2645 | D:3      | Reached skill level 2 in Charms
  2964 | D:4      | Found a sand-covered staircase.
  3022 | D:4      | Reached skill level 3 in Charms
  3184 | D:4      | Reached XP level 6. HP: 32/32 MP: 5/12
  3368 | D:4      | Slain by an ogre

Skill      XL: |  1  2  3  4  5 |
---------------+----------------+-----
Conjurations   | 5 6 7 |  7.2
Charms         | 3 |  3.9
Dodging        | |  2.4
Stealth        | |  2.4
Spellcasting   | |  3.1

Action                   |  1- 3 |  4- 6 || total
-------------------------+-------+-------++-------
Melee: Unarmed           |     3 |       ||     3
       Dagger            |    31 |    19 ||    50
 Cast: Magic Dart        |    75 |    85 ||   160
  Eat: Pizza             |     1 |       ||     1
       Chunk             |       |     2 ||     2
       Bread ration      |       |     1 ||     1
Armor: Robe              |    19 |     8 ||    27
Dodge: Dodged            |    49 |    13 ||    62

Vault maps used:
D:1:      lightli_molten_gateway, serial_glass, glass_columns_b,
          glass_columns_c, glass_columns_a, glass_columns_b, glass_columns_c,
          glass_columns_a, glass_columns_a, glass_columns_c, glass_columns_a,
          glass_columns_c, minivault_14, minivault_11, kennysheep_doodads,
          minivault_5
D:2:      nicolae_dithmenos_through_a_glass_darkly, serial_bayou_ford_a
D:3:      ecumenical_altar_1
D:4:      lemuel_coloured_pillars_altar, nicolae_ossuary_entry_monument,
          first_bread

Table legend:
 A = Turns spent in this place as a percentage of turns spent in the entire game.
 B = Non-inter-level travel turns spent in this place as a percentage of non-inter-level travel turns spent in the entire game.
 C = Inter-level travel turns spent in this place as a percentage of turns spent in this place.
 D = Turns resting spent in this place as a percentage of non-inter-level travel turns spent in this place.
 E = Turns spent auto-exploring this place as a percentage of non-inter-level travel turns spent in this place.
 F = Non-inter-level travel turns spent in this place divided by the number of levels of this place that you've seen.
                   A       B       C       D       E      F
               +-------+-------+-------+-------+-------+----------------------
         Total | 100.0 | 100.0 |   0.5 |   1.9 |  11.0 | 196.0
       Dungeon | 100.0 | 100.0 |   0.5 |   1.9 |  11.0 | 196.0
               +-------+-------+-------+-------+-------+----------------------

Table legend:
 A = Kills in this place as a percentage of kills in entire the game.
 B = Kills by you in this place as a percentage of kills by you in the entire game.
 C = Kills by friends in this place as a percentage of kills by friends in the entire game.
 D = Other kills in this place as a percentage of other kills in the entire game.
 E = Experience gained in this place as a percentage of experience gained in the entire game.
 F = Experience gained in this place divided by the number of levels of this place that you have seen.
                   A       B       C       D       E      F
               +-------+-------+-------+-------+-------+----------------------
         Total | 100.0 | 100.0 |  -nan |  -nan | 100.0 |  95.8
       Dungeon | 100.0 | 100.0 |  -nan |  -nan | 100.0 |  95.8
               +-------+-------+-------+-------+-------+----------------------
